[Event "Titled Tuesday Blitz January 10 Late 2023"]
[White "Jaferian, Koosha"]
[Black "Kuznetsov, Felix"]
[WhiteFideId "12507440"]
[BlackFideId "34147990"]
[WhiteElo "2233"]
[BlackElo "2254"]
[Result "1-0"]
[Round "06"]
[TimeControl "180+2"]
[Date "2023.01.10"]
[WhiteClock "0:00:06"]
[BlackClock "0:00:07"]

1. e4 c5 2. Nc3 d6 3. f4 Nc6 4. Nf3 g6 5. Bc4 Bg7 6. O-O e6 7. d4 cxd4 8. Nb5 a6 9. Nbxd4 Nge7 10. Bb3 O-O 11. c3 b5 12. Be3 Bb7 13. Bc2 Rc8 14. Qe2 Qc7 15. Rad1 b4 16. Rc1 bxc3 17. bxc3 Qa5 18. Bb3 Rfd8 19. Rfd1 Nxd4 20. Bxd4 Bxd4+ 21. cxd4 d5 22. e5 Rc3 23. Rxc3 Qxc3 24. Qd2 Rc8 25. Qxc3 Rxc3 26. Kf2 a5 27. Rd2 Ba6 28. Rc2 Rxc2+ 29. Bxc2 Bc4 30. a3 Kg7 31. Nd2 Ba2 32. Bb3 Bxb3 33. Nxb3 Nc6 34. Ke3 h6 35. a4 g5 36. fxg5 hxg5 37. g3 f6 38. exf6+ Kxf6 39. h4 Kf5 40. h5 g4 41. h6 Kg6 42. Kf4 Kxh6 43. Kxg4 Kg6 44. Kf4 Kf6 45. g4 Kg6 46. g5 Kh5 47. Nd2 Nxd4 48. Ke5 Nf3+ 49. Nxf3 Kg4 50. g6 Kxf3 51. g7 Ke3 52. g8=Q d4 53. Qg3+ Ke2 54. Kxd4 1-0


[Site "https://www.chess.com"]

[Event "Titled Tuesday Blitz January 10 Late 2023"]
[White "Haydon, David L"]
[Black "Movahed, Sina"]
[WhiteFideId "415405"]
[BlackFideId "42520835"]
[WhiteElo "2253"]
[BlackElo "2340"]
[Result "0-1"]
[Round "06"]
[TimeControl "180+2"]
[Date "2023.01.10"]
[WhiteClock "0:00:52"]
[BlackClock "0:00:11"]

1. Nf3 Nf6 2. e3 g6 3. b3 Bg7 4. Bb2 O-O 5. Be2 c5 6. O-O d5 7. c4 d4 8. exd4 Ne8 9. d3 cxd4 10. b4 a5 11. b5 a4 12. Na3 e5 13. Nc2 Nc7 14. Re1 Re8 15. Bf1 Nd7 16. Ba3 Ne6 17. Nb4 Nec5 18. Nd5 b6 19. Nxd4 exd4 20. Rxe8+ Qxe8 21. Nc7 Qd8 22. Nxa8 Bb7 23. Nxb6 Qxb6 24. g3 Ne5 25. Bxc5 Qxc5 26. Bg2 Bc8 27. Rb1 Bg4 28. Qxa4 Nf3+ 29. Bxf3 Bxf3 30. b6 Qc8 31. Kf1 Bh6 32. b7 Bxb7 33. Rxb7 Qxb7 34. Qe8+ Bf8 35. Qb5 Qf3 36. c5 Kg7 37. c6 Bd6 38. Qc4 Bc7 39. Qxd4+ Qf6 40. Qd7 Bb6 41. f4 Qb2 42. Ke1 Be3 43. c7 Qd2+ 44. Kf1 Qf2# 0-1


[Site "https://www.chess.com"]

[Event "Titled Tuesday Blitz January 10 Late 2023"]
[White "Preotu, Razvan"]
[Black "Klose, Eli"]
[WhiteFideId "2613280"]
[BlackFideId "16242955"]
[WhiteElo "2475"]
[BlackElo "1519"]
[Result "0-1"]
[Round "06"]
[TimeControl "180+2"]
[Date "2023.01.10"]
[WhiteClock "0:00:55"]
[BlackClock "0:00:38"]

1. e4 e6 2. d4 d5 3. Nc3 Bb4 4. e5 Ne7 5. a3 Bxc3+ 6. bxc3 b6 7. h4 Ba6 8. Qg4 Bxf1 9. Kxf1 Nf5 10. h5 h6 11. a4 Nc6 12. Nf3 Qd7 13. Nh4 Nce7 14. a5 Qc6 15. Rh3 Nxh4 16. Qxh4 Qc4+ 17. Kg1 Qe2 18. axb6 cxb6 19. Ba3 Nf5 20. Qf4 Qxc2 21. g4 Ne7 22. Rf3 Rf8 23. c4 Rc8 24. Bxe7 Kxe7 25. Ra2 Qxa2 26. g5 Qb1+ 27. Kh2 Qe4 28. Qg3 Rxc4 29. gxh6 gxh6 30. Ra3 a5 31. Qg7 Qf4+ 32. Kg2 Qg5+ 0-1


[Site "https://www.chess.com"]

[Event "Titled Tuesday Blitz January 10 Late 2023"]
[White "Adewumi, Tanitoluwa"]
[Black "Jaracz, Pawel"]
[WhiteFideId "30966396"]
[BlackFideId "1102222"]
[WhiteElo "2283"]
[BlackElo "2467"]
[Result "0-1"]
[Round "06"]
[TimeControl "180+2"]
[Date "2023.01.10"]
[WhiteClock "0:00:03"]
[BlackClock "0:00:52"]

1. e4 d6 2. d4 g6 3. Nc3 c6 4. Be2 Bg7 5. Be3 Qb6 6. Rb1 Nf6 7. Nf3 Bg4 8. Nd2 Bxe2 9. Qxe2 O-O 10. O-O Qa6 11. Qxa6 Nxa6 12. f3 Nb4 13. Rfc1 d5 14. a3 Na6 15. e5 Nd7 16. b4 b5 17. f4 Nc7 18. Nf3 Nb6 19. Nd2 a5 20. Ra1 f6 21. g3 Bh6 22. bxa5 Rxa5 23. Nb3 Raa8 24. Nc5 Nc4 25. Bf2 Rxa3 26. Rxa3 Nxa3 27. exf6 exf6 28. Nd7 Rf7 29. Nb8 b4 30. Na2 Bf8 31. Nxc6 Na6 32. Be1 Rb7 33. Nd8 Rb6 34. Nxb4 Nxb4 0-1


[Site "https://www.chess.com"]

[Event "Titled Tuesday Blitz January 10 Late 2023"]
[White "Richter, Paul"]
[Black "Borges Feria, Yasel"]
[WhiteFideId "2046350"]
[BlackFideId "3504921"]
[WhiteElo "2171"]
[BlackElo "2439"]
[Result "1-0"]
[Round "06"]
[TimeControl "180+2"]
[Date "2023.01.10"]
[WhiteClock "0:00:07"]
[BlackClock "0:00:03"]

1. e4 c6 2. Nc3 d5 3. Nf3 Bg4 4. h3 Bxf3 5. Qxf3 e6 6. g3 Nf6 7. Bg2 d4 8. Ne2 e5 9. O-O Be7 10. g4 Nfd7 11. c3 c5 12. b4 Nc6 13. bxc5 Bxc5 14. Rb1 b6 15. cxd4 Nxd4 16. Nxd4 Bxd4 17. Ba3 Nc5 18. Kh1 O-O 19. Qg3 Qd7 20. f4 exf4 21. Qxf4 Rad8 22. Rbd1 g6 23. Bxc5 Bxc5 24. e5 Qd4 25. Qg3 Rfe8 26. Rfe1 Bf8 27. Re4 Qb2 28. Qf4 Qxa2 29. d4 Bg7 30. Re3 Qa4 31. Rf1 Qxd4 32. Qxf7+ Kh8 33. Re4 Qc5 34. e6 Re7 35. Qf3 Rde8 36. Qe2 b5 37. Rf7 b4 38. Rxe7 Qxe7 39. Qb5 Bc3 40. Bf3 Kg7 41. Kg2 Rd8 42. Rc4 Rd2+ 43. Kf1 Qf6 44. Rc7+ Kh6 45. g5+ Qxg5 46. Qxg5+ Kxg5 47. e7 Rd3 48. e8=Q Rxf3+ 49. Kg2 Rf5 50. Qe7+ Bf6 51. Qxh7 1-0


[Site "https://www.chess.com"]

[Event "Titled Tuesday Blitz January 10 Late 2023"]
[White "Makridis, Dimitrios"]
[Black "Yurovskykh, Oleksandr"]
[WhiteFideId "25864475"]
[BlackFideId "14134020"]
[WhiteElo "2356"]
[BlackElo "2328"]
[Result "1-0"]
[Round "06"]
[TimeControl "180+2"]
[Date "2023.01.10"]
[WhiteClock "0:01:17"]
[BlackClock "0:00:19"]

1. e4 c6 2. d4 d5 3. exd5 cxd5 4. Bd3 Nc6 5. c3 Nf6 6. h3 g6 7. Nf3 Bf5 8. Ne5 Bxd3 9. Nxd3 e6 10. O-O Bg7 11. Bf4 O-O 12. Nd2 Rc8 13. Re1 Re8 14. Bh2 Na5 15. Ne5 Nd7 16. Qa4 Nxe5 17. dxe5 Nc6 18. Nf3 Qb6 19. Re2 Qa6 20. Qxa6 bxa6 21. Rd1 Rb8 22. Nd4 Nxd4 23. Rxd4 Rec8 24. Bf4 Bf8 25. Ra4 Rc6 26. Be3 Rb7 27. Bd4 h5 28. g4 hxg4 29. hxg4 Bh6 30. Kg2 Bc1 31. b4 Bg5 32. Rb2 Bd8 33. Kf3 Kf8 34. Ke2 Ke8 35. Kd3 Kd7 36. f4 Kc8 37. Rh2 a5 38. a3 axb4 39. axb4 Bb6 40. Rh8+ Kd7 41. Bxb6 Rcxb6 42. Ra8 g5 43. fxg5 Ke7 44. R4xa7 Rb5 45. Rxb7+ Rxb7 46. Kd4 Rc7 47. b5 Rc4+ 48. Kd3 Rxg4 49. b6 1-0


[Site "https://www.chess.com"]

[Event "Titled Tuesday Blitz January 10 Late 2023"]
[White "Lopez Mulet, Inigo"]
[Black "Rustemov, Alexander"]
[WhiteFideId "22235620"]
[BlackFideId "4119002"]
[WhiteElo "2403"]
[BlackElo "2525"]
[Result "0-1"]
[Round "06"]
[TimeControl "180+2"]
[Date "2023.01.10"]
[WhiteClock "0:00:14"]
[BlackClock "0:00:08"]

1. Nf3 d5 2. b3 Nf6 3. Bb2 Bf5 4. e3 h6 5. d4 e6 6. Bd3 Bxd3 7. cxd3 Be7 8. O-O O-O 9. Nbd2 Nbd7 10. Rc1 c6 11. Ne5 Nxe5 12. dxe5 Nd7 13. f4 f6 14. Nf3 fxe5 15. Nxe5 Nxe5 16. Bxe5 Bf6 17. Qg4 Qe7 18. d4 Rf7 19. Rf3 Raf8 20. Rcf1 Kh7 21. Qg3 b6 22. Bxf6 Qxf6 23. Rc1 Rc8 24. Qe1 c5 25. Qd2 Rfc7 26. Qd3+ Qf5 27. Qxf5+ exf5 28. dxc5 Rxc5 29. Rd1 Kg6 30. Rf2 Kf6 31. Rfd2 Ke6 32. Kf2 g5 33. h3 Rc2 34. Ke2 gxf4 35. exf4 d4 36. Kd3 Rxd2+ 37. Rxd2 Kd5 38. Re2 Rc3+ 39. Kd2 Rg3 40. Re5+ Kd6 41. Rxf5 Rxg2+ 42. Kd3 Rxa2 43. Kxd4 Rf2 44. Rf6+ Ke7 45. Ke5 Rf3 46. Rxh6 Re3+ 47. Kf5 Rxb3 48. Rh7+ Kd6 49. h4 a5 50. Ra7 Rh3 51. Kg5 Rg3+ 52. Kf6 Rg4 53. f5 Rxh4 54. Ra8 Kc5 55. Ke5 Rh1 56. Rc8+ Kb4 57. f6 Rf1 58. Rh8 a4 59. Rh4+ Kc5 60. Rf4 Rxf4 61. Kxf4 Kd6 62. Kf5 a3 63. Kg6 a2 64. f7 Ke7 65. Kg7 a1=Q+ 66. Kg8 Qg1+ 67. Kh7 Kxf7 68. Kh6 Qg6# 0-1


[Site "https://www.chess.com"]

[Event "Titled Tuesday Blitz January 10 Late 2023"]
[White "Riehle, Marco"]
[Black "Yang, Kevin"]
[WhiteFideId "12904392"]
[BlackFideId "30908485"]
[WhiteElo "2368"]
[BlackElo "2096"]
[Result "0-1"]
[Round "06"]
[TimeControl "180+2"]
[Date "2023.01.10"]
[WhiteClock "0:01:05"]
[BlackClock "0:00:13"]

1. e4 e6 2. c4 d5 3. cxd5 exd5 4. Qb3 c6 5. e5 Ne7 6. d4 Nf5 7. Nf3 Qb6 8. Be3 Qxb3 9. axb3 a6 10. Nc3 Nxe3 11. fxe3 Bf5 12. Kf2 Nd7 13. Be2 Be7 14. Nd2 f6 15. g4 Bg6 16. exf6 Nxf6 17. Kg3 Bd6+ 18. Kg2 O-O 19. Bf3 Rae8 20. Rae1 Re7 21. e4 Bf4 22. exd5 Rxe1 23. Rxe1 Bxd2 24. Re7 Bxc3 25. bxc3 cxd5 26. c4 Rd8 27. c5 Be4 28. Rxb7 Nxg4 29. Kg3 Bxf3 30. Kxf3 Nf6 31. Ra7 Rb8 32. Rxa6 Rxb3+ 33. Kf4 Kf7 34. Kf5 g6+ 35. Ke5 Re3+ 36. Kf4 Re4+ 37. Kg5 Rg4+ 38. Kh6 Rxd4 39. Ra7+ Ke6 40. Ra6+ Kf5 41. Kg7 Ne4 42. c6 Rc4 43. Kxh7 d4 44. h4 d3 45. h5 gxh5 46. Ra5+ Kf4 47. Ra1 d2 48. Rf1+ Ke3 49. Rf7 Ng5+ 50. Kg7 Nxf7 0-1


[Site "https://www.chess.com"]

[Event "Titled Tuesday Blitz January 10 Late 2023"]
[White "Hansen, Torbjorn Ringdal"]
[Black "Domingo Nunez, Alejandro"]
[WhiteFideId "1501720"]
[BlackFideId "22245561"]
[WhiteElo "2432"]
[BlackElo "2338"]
[Result "0-1"]
[Round "06"]
[TimeControl "180+2"]
[Date "2023.01.10"]
[WhiteClock "0:00:28"]
[BlackClock "0:00:18"]

1. c4 Nf6 2. g3 g6 3. Bg2 Bg7 4. Nc3 O-O 5. Nf3 d6 6. O-O c5 7. d4 Nbd7 8. b3 Rb8 9. Bb2 a6 10. Rc1 b5 11. e3 bxc4 12. Na4 cxb3 13. axb3 Nb6 14. Nxb6 Qxb6 15. dxc5 dxc5 16. Be5 Rb7 17. Nd2 Rd7 18. Qc2 Bb7 19. Nc4 Qb5 20. Bxb7 Rxb7 21. Nd2 Rd8 22. Rfd1 Ng4 23. Bxg7 Kxg7 24. Qc3+ f6 25. h3 Ne5 26. f4 Rd3 27. Qc2 Rxd2 28. Rxd2 Nf3+ 29. Kf2 Nxd2 30. Qxd2 Qxb3 31. Rxc5 Qb1 32. Rc2 Qh1 33. h4 Rb1 34. e4 Qf1+ 35. Ke3 Re1+ 36. Kd4 Rd1 37. Rc5 Qf2+ 38. Kc3 Qxd2+ 39. Kb3 Rb1+ 40. Ka3 Qb4+ 41. Ka2 Qb3# 0-1


[Site "https://www.chess.com"]

[Event "Titled Tuesday Blitz January 10 Late 2023"]
[White "Janaszak, Dawid"]
[Black "Caruana, Fabiano"]
[WhiteFideId "1119206"]
[BlackFideId "2020009"]
[WhiteElo "2316"]
[BlackElo "2764"]
[Result "0-1"]
[Round "06"]
[TimeControl "180+2"]
[Date "2023.01.10"]
[WhiteClock "0:00:07"]
[BlackClock "0:00:48"]

1. e4 c5 2. Nc3 g6 3. Bc4 Bg7 4. h4 h6 5. h5 g5 6. d3 e6 7. f4 gxf4 8. Bxf4 Nc6 9. Qg4 Be5 10. Nge2 Nf6 11. Qf3 Nh7 12. O-O Ng5 13. Qf2 Qe7 14. Kh1 a6 15. a4 b6 16. Qg3 d6 17. Bxe5 Nxe5 18. Bb3 Bb7 19. Rae1 O-O-O 20. Qf4 Kb8 21. Qf6 Qc7 22. Ng3 Rdg8 23. Qf4 Rh7 24. Nd1 Rhg7 25. Ne3 Nh3 26. gxh3 Rxg3 27. Kh2 f5 28. Rg1 Nf3+ 29. Qxf3 Rxf3 30. Rxg8+ Ka7 31. Nc4 d5+ 32. Kg2 dxc4 33. Kxf3 cxb3 34. cxb3 Qf7 35. Reg1 fxe4+ 0-1


[Site "https://www.chess.com"]

[Event "Titled Tuesday Blitz January 10 Late 2023"]
[White "Keymer, Vincent"]
[Black "Andreev, Eduard"]
[WhiteFideId "12940690"]
[BlackFideId "14103400"]
[WhiteElo "2700"]
[BlackElo "2413"]
[Result "1-0"]
[Round "06"]
[TimeControl "180+2"]
[Date "2023.01.10"]
[WhiteClock "0:01:06"]
[BlackClock "0:00:06"]

1. a3 Nf6 2. Nf3 g6 3. d4 Bg7 4. c4 O-O 5. e3 c5 6. d5 e6 7. Nc3 exd5 8. cxd5 d6 9. h3 Re8 10. Bd3 a6 11. a4 Nbd7 12. O-O Rb8 13. a5 b5 14. axb6 Qxb6 15. Ra2 Bb7 16. e4 a5 17. Re1 Ba6 18. Bc2 c4 19. Be3 Qc7 20. Qa1 Ra8 21. Rxa5 Bb7 22. Rxa8 Rxa8 23. Qd1 Nc5 24. Bd4 Re8 25. Qd2 Qb6 26. Na4 Qc7 27. Nxc5 dxc5 28. Bc3 Bc8 29. e5 Nh5 30. g4 Qd7 31. e6 fxe6 32. gxh5 Bxc3 33. bxc3 exd5 34. Rxe8+ Qxe8 35. Qxd5+ Be6 36. Qe5 Qf7 37. Ng5 Qg7 38. Qxe6+ 1-0


[Site "https://www.chess.com"]

[Event "Titled Tuesday Blitz January 10 Late 2023"]
[White "Jones, Gawain C B"]
[Black "Denishev, Marat"]
[WhiteFideId "409561"]
[BlackFideId "24131563"]
[WhiteElo "2618"]
[BlackElo "2255"]
[Result "0-1"]
[Round "06"]
[TimeControl "180+2"]
[Date "2023.01.10"]
[WhiteClock "0:00:11"]
[BlackClock "0:00:04"]

1. d4 Nf6 2. Bf4 d5 3. e3 e6 4. Nf3 Bd6 5. Nbd2 Bxf4 6. exf4 Nbd7 7. Be2 O-O 8. O-O c5 9. dxc5 Nxc5 10. c3 b6 11. Re1 Bb7 12. Nd4 Qd6 13. g3 Rad8 14. N2f3 Nfe4 15. a4 Qb8 16. Ne5 Qc8 17. a5 f6 18. Nd3 e5 19. Nb5 Nxd3 20. Bxd3 exf4 21. Nxa7 Qh3 22. axb6 Nxf2 23. Qf3 Nxd3 24. Qxd3 d4 25. Qf1 Qh5 26. Re7 fxg3 27. Qe2 gxh2+ 28. Qxh2 Qg4+ 29. Kf1 Qf3+ 30. Qf2 Qh3+ 31. Ke2 Rfe8 32. Rxe8+ Rxe8+ 33. Kd2 dxc3+ 34. bxc3 Qe6 35. Nb5 Qb3 36. Nd4 Qb2+ 37. Nc2 Be4 38. Rc1 Rd8+ 39. Ke3 Qxc1+ 40. Kxe4 Rd2 41. b7 Rxf2 42. b8=Q+ Kf7 43. Qc7+ Kf8 44. Qb8+ Kf7 45. Qc7+ Kg8 46. Qc4+ Kf8 47. Qc8+ Kf7 48. Qd7+ Kf8 49. Qd8+ Kf7 50. Qd7+ Kf8 51. Ne3 Qb1+ 52. Kd5 Rd2+ 53. Ke6 Rxd7 54. Kxd7 Qd3+ 0-1


[Site "https://www.chess.com"]

[Event "Titled Tuesday Blitz January 10 Late 2023"]
[White "Fisher_TheGalactic"]
[Black "Boros, Denes"]
[BlackFideId "722340"]
[WhiteElo "2556"]
[BlackElo "2406"]
[Result "0-1"]
[Round "06"]
[TimeControl "180+2"]
[Date "2023.01.10"]
[WhiteClock "0:00:02"]
[BlackClock "0:00:15"]

1. Nf3 c5 2. g3 Nc6 3. Bg2 e5 4. e4 Nf6 5. d3 Be7 6. O-O O-O 7. Nbd2 Re8 8. Nc4 Bf8 9. Ne3 d6 10. Nh4 h6 11. Nef5 d5 12. c3 dxe4 13. dxe4 Qxd1 14. Rxd1 g5 15. Nf3 Bxf5 16. exf5 e4 17. Ne1 Rad8 18. Be3 Ne5 19. Kf1 Nc4 20. b3 Nxe3+ 21. fxe3 Nd5 22. Kf2 Nxc3 23. Rxd8 Rxd8 24. Rc1 Rd2+ 25. Kf1 Bg7 26. Rc2 Rd1 27. g4 Be5 28. Bh1 b5 29. Rf2 Kg7 30. Rc2 a5 31. Rf2 a4 32. bxa4 bxa4 33. Rb2 a3 34. Rb3 c4 35. Rxa3 Nb1 36. Ra6 Bc3 37. f6+ Bxf6 38. Ke2 Nc3+ 39. Kf1 Be5 40. Rc6 Nd5 41. Ke2 Ra1 42. Rxc4 Nc3+ 43. Kd2 Rd1+ 44. Kc2 Rxe1 45. a4 Nxa4 46. Bxe4 Nc3 47. Bf5 Rxe3 48. Rc5 Bd4 49. Rc4 Bf6 50. Kd2 Re2+ 51. Kd3 Rxh2 52. Rc7 Nd5 53. Rd7 Nf4+ 54. Ke4 h5 55. gxh5 Rxh5 56. Kf3 Rh4 57. Kg3 Be5 58. Kf3 Kf6 59. Bb1 Ne6 60. Ba2 Rh3+ 61. Kg4 Rg3+ 62. Kh5 Ng7+ 63. Kh6 Rh3# 0-1


[Site "https://www.chess.com"]

[Event "Titled Tuesday Blitz January 10 Late 2023"]
[White "Manukyan, Sargis A."]
[Black "Vasquez Schroeder, Rodrigo"]
[WhiteFideId "13303970"]
[BlackFideId "3400042"]
[WhiteElo "2158"]
[BlackElo "2524"]
[Result "1-0"]
[Round "06"]
[TimeControl "180+2"]
[Date "2023.01.10"]
[WhiteClock "0:02:28"]
[BlackClock "0:01:27"]

1. d4 Nf6 2. c4 e6 3. Nc3 Bb4 4. a3 Bxc3+ 5. bxc3 c5 6. e3 Nc6 7. Bd3 b6 8. Ne2 Ba6 9. e4 e5 10. O-O O-O 11. Bg5 h6 12. Bh4 d6 13. f4 exf4 14. Nxf4 g5 15. Nd5 Nh7 16. Bg3 cxd4 17. Qh5 Kg7 18. cxd4 Nxd4 19. e5 Ne6 20. Bxh7 1-0


[Site "https://www.chess.com"]

[Event "Titled Tuesday Blitz January 10 Late 2023"]
[White "Pakleza, Zbigniew"]
[Black "Karttunen, Mika"]
[WhiteFideId "1119290"]
[BlackFideId "502081"]
[WhiteElo "2494"]
[BlackElo "2490"]
[Result "0-1"]
[Round "06"]
[TimeControl "180+2"]
[Date "2023.01.10"]
[WhiteClock "0:00:01"]
[BlackClock "0:00:13"]

1. d4 d5 2. Bf4 e6 3. e3 Bd6 4. Bg3 Nf6 5. Nd2 O-O 6. Ngf3 c5 7. c3 Nc6 8. Bd3 a6 9. Ne5 Bxe5 10. dxe5 Nd7 11. Nf3 c4 12. Bc2 Nc5 13. h4 h6 14. h5 b5 15. Nd4 Bb7 16. f4 Qb6 17. a3 a5 18. Bh4 b4 19. Qg4 Kh8 20. Kd2 Nd3 21. Rab1 Rab8 22. axb4 axb4 23. Qe2 Ba6 24. g4 Nxb2 25. g5 bxc3+ 26. Ke1 Nxd4 27. exd4 Qxd4 28. Kf1 Nd3 29. gxh6 Qxf4+ 30. Kg2 Qxh6 31. Bg3 Rb2 32. Rxb2 cxb2 33. Rb1 Qc1 34. h6 Qxh6 35. Rh1 Rb8 36. Rxh6+ gxh6 37. Bb1 c3 38. Qf3 Kg8 39. Qf6 c2 40. Bxc2 b1=Q 41. Bxb1 Rxb1 42. Qd8+ Kg7 43. Qa5 Bc4 44. Bh4 Rb2+ 45. Kg3 Re2 46. Bf6+ Kg6 47. Qc7 Kf5 48. Qd8 Re3+ 49. Kh2 Re2+ 50. Kg1 Nf4 51. Qh8 Rg2+ 52. Kh1 Rg6 53. Qh7 Bd3 54. Qh8 Be4+ 55. Kh2 d4 56. Qc8 d3 57. Qc3 Rg2+ 58. Kh1 Rc2+ 0-1


[Site "https://www.chess.com"]

[Event "Titled Tuesday Blitz January 10 Late 2023"]
[White "Putnam, Liam"]
[Black "Sielecki, Christof"]
[WhiteFideId "30938279"]
[BlackFideId "4620437"]
[WhiteElo "2285"]
[BlackElo "2419"]
[Result "1-0"]
[Round "06"]
[TimeControl "180+2"]
[Date "2023.01.10"]
[WhiteClock "0:01:33"]
[BlackClock "0:00:38"]

1. e4 c5 2. Nf3 a6 3. c3 d5 4. exd5 Qxd5 5. d4 e6 6. Na3 Nf6 7. Nc4 Nbd7 8. Be2 b5 9. Ne3 Qc6 10. O-O Bb7 11. a4 b4 12. cxb4 cxb4 13. Nc4 a5 14. Bf4 Nd5 15. Bg3 N5b6 16. Rc1 Nxc4 17. Bxc4 Ba6 18. d5 Qxc4 19. Rxc4 Bxc4 20. dxe6 Bxe6 21. Nd4 Nc5 22. Nb5 Rc8 23. Nc7+ 1-0


[Site "https://www.chess.com"]

[Event "Titled Tuesday Blitz January 10 Late 2023"]
[White "Corrales Jimenez, Fidel"]
[Black "Suvorov, Alexander"]
[WhiteFideId "3506690"]
[BlackFideId "12977063"]
[WhiteElo "2489"]
[BlackElo "2338"]
[Result "0-1"]
[Round "06"]
[TimeControl "180+2"]
[Date "2023.01.10"]
[WhiteClock "0:00:03"]
[BlackClock "0:00:12"]

1. c4 e5 2. Nc3 Nc6 3. g3 Bc5 4. Bg2 a6 5. Nf3 d6 6. O-O Nf6 7. e3 Ba7 8. d4 O-O 9. a3 exd4 10. exd4 Bg4 11. Be3 h6 12. b4 Ne7 13. h3 Bh5 14. Qd2 Nf5 15. g4 Nxe3 16. fxe3 Bg6 17. Nh4 Bh7 18. Nf5 c6 19. Rf2 d5 20. c5 Bb8 21. Raf1 Bxf5 22. Rxf5 Re8 23. R1f3 Re6 24. Kf1 Qe7 25. Qf2 Bc7 26. Rxf6 Rxf6 27. Rxf6 gxf6 28. Ke2 b5 29. Bxd5 cxd5 30. Nxd5 Qd8 31. Nxf6+ Kf8 32. Qf5 a5 33. g5 hxg5 34. Qxg5 axb4 35. axb4 Ra6 36. Nh7+ Ke8 37. Qg8+ Kd7 38. Qxf7+ Kc8 39. Qf5+ Kb8 40. Ng5 Qg8 41. d5 Ra2+ 42. Kf3 Bd8 43. h4 Bxg5 44. hxg5 Ra7 45. g6 Rg7 46. d6 Rxg6 47. Ke4 Qe6+ 48. Qxe6 Rxe6+ 49. Kd4 Kb7 50. e4 Kc6 51. e5 Rh6 52. Ke4 Rh4+ 53. Kf5 Rxb4 54. e6 Rb1 55. d7 Kc7 56. c6 Re1 57. Kf6 Kd8 58. Kf7 Rf1+ 59. Kg6 Re1 60. Kf7 b4 61. Kf8 b3 62. e7+ Rxe7 63. c7+ Kxd7 64. c8=Q+ Kxc8 65. Kxe7 b2 0-1


[Site "https://www.chess.com"]

[Event "Titled Tuesday Blitz January 10 Late 2023"]
[White "Mahdavi, Reza"]
[Black "Fiorito, Francisco"]
[WhiteFideId "12595926"]
[BlackFideId "180165"]
[WhiteElo "2339"]
[BlackElo "2305"]
[Result "1-0"]
[Round "06"]
[TimeControl "180+2"]
[Date "2023.01.10"]
[WhiteClock "0:01:16"]
[BlackClock "0:00:01"]

1. e4 c5 2. Nf3 Nc6 3. Bb5 g6 4. O-O Bg7 5. Re1 Nf6 6. e5 Nd5 7. Nc3 Nc7 8. Bxc6 dxc6 9. Ne4 Ne6 10. d3 O-O 11. Be3 b6 12. Qd2 Ba6 13. Bh6 Qd5 14. b3 Rfd8 15. Bxg7 Kxg7 16. h4 h5 17. Rad1 b5 18. c4 Qd7 19. Qe3 Bc8 20. Nxc5 Nxc5 21. Qxc5 Qe6 22. Nd4 Qg4 23. Nxc6 Bb7 24. f3 Qg3 25. Nxd8 Bxf3 26. Qf2 Qxf2+ 27. Kxf2 Bxd1 28. Nc6 Bg4 29. cxb5 Kf8 30. d4 Be6 31. Rc1 Ke8 32. Rc5 Bf5 33. a4 Bd7 34. a5 a6 35. b6 Bc8 36. Na7 Bb7 37. Rc7 Rb8 38. b4 Bd5 39. Nc8 e6 40. Nd6+ Kd8 41. Nxf7+ Ke8 42. Nd6+ Kd8 43. Rg7 Rb7 44. Nxb7+ Bxb7 45. Rxb7 1-0


[Site "https://www.chess.com"]

[Event "Titled Tuesday Blitz January 10 Late 2023"]
[White "Tokhirjonova, Gulrukhbegim"]
[Black "Timmermans, Mark"]
[WhiteFideId "14203626"]
[BlackFideId "1026399"]
[WhiteElo "2340"]
[BlackElo "2392"]
[Result "0-1"]
[Round "06"]
[TimeControl "180+2"]
[Date "2023.01.10"]
[WhiteClock "0:01:38"]
[BlackClock "0:02:19"]

1. e4 e5 2. Nf3 Nc6 3. Bc4 Nf6 4. d3 Be7 5. c3 O-O 6. O-O d5 7. exd5 Nxd5 8. Re1 Bg4 9. h3 Bh5 10. Bb5 Bd6 11. Nbd2 Nf4 12. Ne4 Kh8 13. d4 exd4 14. Bxc6 bxc6 15. cxd4 Ne6 16. Be3 f5 17. Nc3 f4 18. Bc1 Ng5 19. Kh2 Bxf3 20. gxf3 Qd7 0-1


[Site "https://www.chess.com"]

[Event "Titled Tuesday Blitz January 10 Late 2023"]
[White "Rangel, Daniel"]
[Black "Karacsonyi, Gellert"]
[WhiteFideId "2124475"]
[BlackFideId "764620"]
[WhiteElo "2207"]
[BlackElo "2385"]
[Result "1/2-1/2"]
[Round "06"]
[TimeControl "180+2"]
[Date "2023.01.10"]
[WhiteClock "0:00:16"]
[BlackClock "0:00:20"]

1. c4 Nf6 2. g3 e6 3. Bg2 d5 4. Nf3 dxc4 5. Qa4+ Bd7 6. Qxc4 c5 7. O-O Bc6 8. b3 Be7 9. Bb2 O-O 10. d4 cxd4 11. Qxd4 Qxd4 12. Nxd4 Bxg2 13. Kxg2 Nbd7 14. Nc3 Nb6 15. Rfd1 Nfd5 16. Nxd5 Nxd5 17. e4 Nb6 18. Nb5 Rfc8 19. Rac1 a6 20. Nc3 Kf8 21. Ne2 Ke8 22. Bxg7 f6 23. Bh6 Ba3 24. Rxc8+ Rxc8 25. Be3 Nd7 26. Nd4 Ke7 27. Rd2 Bb4 28. Rc2 Rb8 29. Bf4 Bd6 30. Bxd6+ Kxd6 31. f3 Ne5 32. Kf2 Nd3+ 33. Ke3 Nb4 34. Rd2 Ke7 35. a3 Nc6 36. Nxc6+ bxc6 37. b4 Rb5 38. Rc2 Kd6 39. Rd2+ Kc7 40. Rc2 a5 41. Rc4 Rb8 42. bxa5 Rb3+ 43. Kf4 Rxa3 44. Rc5 e5+ 45. Kg4 Kd6 46. Rc2 Rxa5 47. Kf5 Ra3 48. f4 exf4 49. gxf4 Rf3 50. Rd2+ Kc5 51. Rc2+ Kb5 52. Rb2+ Ka4 53. Ra2+ Kb3 54. Ra6 c5 55. Rxf6 c4 56. Rc6 c3 57. e5 c2 58. e6 Rc3 59. Rb6+ Kc4 60. Rc6+ Kd4 61. Rxc3 Kxc3 62. e7 c1=Q 63. e8=Q Qc2+ 64. Qe4 Qxh2 65. Qe5+ Kc4 66. Qe6+ Kc5 67. Qe5+ Kc6 68. Qe6+ Kc7 69. Qe5+ Kd7 70. Qe6+ Kc7 71. Qe7+ Kc6 72. Qe6+ Kc5 73. Qe5+ Kc4 74. Ke6 Qh6+ 75. Ke7 Qh4+ 76. Kd6 Qd8+ 77. Ke6 Qg8+ 78. Kd7 Qf7+ 79. Kd6 Qf8+ 80. Kd7 Qf7+ 81. Kd6 h5 82. f5 Qf8+ 83. Kd7 Qf7+ 84. Kd6 Qf8+ 85. Kc7 Qf7+ 86. Kb6 h4 87. Qe6+ Qxe6+ 88. fxe6 h3 89. e7 h2 90. e8=Q h1=Q 91. Qc6+ Qxc6+ 92. Kxc6 1/2-1/2


[Site "https://www.chess.com"]

[Event "Titled Tuesday Blitz January 10 Late 2023"]
[White "Djordjevic, Vuk"]
[Black "Al-Tarboush, Ward"]
[WhiteFideId "902098"]
[BlackFideId "7601450"]
[WhiteElo "2375"]
[BlackElo "2256"]
[Result "1-0"]
[Round "06"]
[TimeControl "180+2"]
[Date "2023.01.10"]
[WhiteClock "0:00:07"]
[BlackClock "0:00:01"]

1. d4 Nf6 2. Bg5 g6 3. Bxf6 exf6 4. e3 Bg7 5. c4 O-O 6. Nc3 b6 7. Be2 Bb7 8. Bf3 Nc6 9. Nge2 f5 10. O-O Re8 11. Nf4 a6 12. Rb1 Na5 13. Bxb7 Nxb7 14. b4 Nd6 15. Qd3 c6 16. a4 Qc7 17. Rfc1 Ne4 18. b5 axb5 19. cxb5 Qa7 20. bxc6 dxc6 21. Nxe4 fxe4 22. Qb3 Qxa4 23. Qxa4 Rxa4 24. Rxb6 Rc8 25. g4 Ra5 26. h3 c5 27. Nd5 Kf8 28. Rc4 f5 29. gxf5 gxf5 30. Rb7 Rc6 31. Nf4 Bh6 32. d5 Rd6 33. Ne6+ Kg8 34. Nxc5 Rxd5 35. Nd7 Rd1+ 36. Kg2 Kf7 37. Nc5+ Kg6 38. Rb6+ Kh5 39. Nb3 Ra8 40. Rc5 Rg8+ 41. Kh2 Rg5 42. Nd4 Bg7 43. Rxf5 Be5+ 44. Rxe5 Rxe5 45. Rf6 Ra5 46. Rf4 Re5 47. Ne2 Rd2 48. Ng3+ Kg6 49. Nxe4 Ra2 50. Ng3 Rb5 51. Kg2 Rbb2 52. Ne4 h5 53. Rf6+ Kg7 54. Rf4 Kg6 55. Ng3 Kg5 56. h4+ Kg6 57. Ne4 Rc2 58. Rf6+ Kg7 59. Rf5 Rc4 60. Kf3 Raa4 61. Rf4 Kg6 62. Rf6+ Kg7 63. Re6 Kf7 64. Re5 Kg6 65. Rg5+ Kh6 66. Re5 Kg6 67. Kf4 Rcb4 68. f3 Ra1 69. Re6+ Kf7 70. Rh6 Rb5 71. Ng5+ Kg7 72. Rxh5 Ra4+ 73. e4 Kg6 74. Rh8 Ra7 75. Rg8+ Kh5 76. Ne6 1-0


[Site "https://www.chess.com"]